 Dungeon Crawl Stone Soup version 0.28-a0-751-gef3a642a4e (webtiles) character file.

Game seed: 10603068891026306522

1086 heike the Thaumaturge (level 8, -3/42 HPs)
             Began as a Deep Elf Conjurer on Oct 30, 2021.
             Was a Priest of Vehumet.
             Slain by an orc warrior (13 damage)
             ... on level 6 of the Dungeon.
             The game lasted 00:20:16 (6130 turns).

heike the Thaumaturge (Deep Elf Conjurer)           Turns: 6130, Time: 00:20:17

Health: -3/42      AC:  3    Str:  7    XL:     8   Next: 9%
Magic:  16/31      EV: 13    Int: 31    God:    Vehumet [***...]
Gold:   225        SH:  0    Dex: 13    Spells: 4/23 levels left

rFire   . . .      SeeInvis .   s - +1 dagger (venom)
rCold   . . .      Faith    .   (no shield)
rNeg    . . .      Spirit   .   a - +0 robe
rPois   .          Reflect  .   v - +0 helmet "Iwyim" {MP+9 Str+3 Int+5 Stlth+}
rElec   .          Harm     .   (no cloak)
rCorr   +          Rampage  .   (no gloves)
Will    .....                   (no boots)
Stlth   ++++......              (no amulet)
HPRegen 0.14/turn               m - ring of resist corrosion
MPRegen 0.22/turn               (no ring)

@: on blink cooldown
A: no striking features
a: Renounce Religion


You were on level 6 of the Dungeon.
You worshipped Vehumet.
Vehumet was most pleased with you.
You visited 1 branch of the dungeon, and saw 6 of its levels.

You collected 225 gold pieces.

Inventory:

Hand Weapons
 e - a +0 short sword
 s - a +1 dagger of venom (weapon)
Armour
 a - a +0 robe (worn)
 v - the +0 helmet "Iwyim" (worn) {MP+9 Str+3 Int+5 Stlth+}
   (You found it on level 5 of the Dungeon)

   Str:       It affects your strength (+3).
   Int:       It affects your intelligence (+5).
   MP:        It affects your magic capacity (+9).
   Stlth:     It makes you more stealthy.
Jewellery
 m - a ring of resist corrosion (left hand)
Wands
 u - a wand of charming (9)
Scrolls
 d - a scroll of holy word
 i - a scroll of fog {unknown}
 j - 3 scrolls of identify
 o - a scroll of fear {unknown}
 q - 4 scrolls of immolation {unknown}
 t - a scroll of enchant armour
Potions
 c - a potion of cancellation {unknown}
 f - a potion of curing
 h - a potion of heal wounds {unknown}
 k - a potion of flight {unknown}
 l - 3 potions of invisibility {unknown}
 n - 3 potions of might {unknown}
 r - a potion of haste {unknown}


   Skills:
 + Level 0.6 Fighting
 + Level 0.9 Short Blades
 + Level 3.1 Dodging
 + Level 4.6 Stealth
 + Level 8.4 Spellcasting
 + Level 7.6 Conjurations
 + Level 2.3 Translocations


You had 4 spell levels left.
You knew the following spells:

 Your Spells              Type           Power      Damage    Failure   Level
a - Magic Dart            Conj           100%       1d8       1%          1
b - Searing Ray           Conj           100%       2d8       1%          2
c - Blink                 Tloc           54%        N/A       2%          2
d - Dazzling Flash        Conj/Hex       72%        N/A       1%          3
e - Mephitic Cloud        Conj/Pois/Air  28%        N/A       1%          3
f - Iskenderun's Mystic   Conj/Tloc      44%        2d10      1%          4
g - Fulminant Prism       Conj/Hex       18%        3d11      2%          4

Your spell library contained the following spells:

 Spells                   Type           Power      Damage    Failure   Level
 Static Discharge         Conj/Air       36%        N/A       1%          2
 Lesser Beckoning         Tloc           27%        N/A       4%          3
 Call Imp                 Summ           13%        N/A       6%          2
 Manifold Assault         Tloc           27%        N/A       38%         5


Dungeon Overview and Level Annotations

Branches:
Dungeon (6/15)
 Temple: D:4-7

Altars:
Gozag
Vehumet

Shops:
D:5 *

Annotations:
D:6 bmj180's ghost, novice DrCj


Message History

Casting: Searing Ray (safe; 1% risk of failure)
Confirm with . or Enter, or press ? or * to list all spells.
Aiming: Fulminant Prism (dangerous; 2% risk of failure)
Press: ? - help, Dir - move target, p - orc warrior You conjure a prism of explosive energy!
A fulminant prism comes into view.
The orc warrior hits you from afar with a +0 trident!
The rat bites you.
The orc hits your fulminant prism with a +0 flail.
Your fulminant prism crackles loudly.
The orc warrior hits you from afar with a +0 trident!
* * * LOW HITPOINT WARNING * * *
The orc hits your fulminant prism with a +0 flail.
Your fulminant prism explodes!
The blast of energy engulfs the orc!!
You kill the orc!
Vehumet accepts your kill.
The blast of energy engulfs the orc!
You kill the orc!
Vehumet accepts your kill.
You feel your power returning.
The blast of energy engulfs the worm!
The worm is severely wounded.
The rat misses you.
You hear an angry hiss.
Casting: Fulminant Prism (dangerous; 2% risk of failure)
Confirm with . or Enter, or press ? or * to list all spells.
You blink.
You feel better. The orc warrior misses you.
Okay, then.
Okay, then.
Casting: Blink (safe; 2% risk of failure)
Confirm with . or Enter, or press ? or * to list all spells.
Okay, then.
Casting: Blink (safe; 2% risk of failure)
Confirm with . or Enter, or press ? or * to list all spells.
Casting: Dazzling Flash (safe; 1% risk of failure)
Press: ? - help, Dir - look around, f - activate The orc warrior is dazzled.
The rat is dazzled.
The worm is dazzled.
The orc warrior hits you from afar with a +0 trident!
You die...

,,,******≈*≈#w#≈....*****..,****,
,,,*≈≈≈≈*≈*≈#≈#≈...## *,.**,*,,*
,,**≈**≈≈≈≈≈#≈≈≈≈...## *.#***,,**
,**********≈#≈#≈.....###.# ****
,* *≈≈≈≈≈≈≈≈#≈≈≈........#* **
**≈******#≈#.........#
####*≈≈≈≈≈≈≈#≈≈≈).......#*
...###*****##≈≈.).w...#..#* ***
.....### ##...#@.o..##*#.#****,*
.......####!..###.r..# **..,*,**
.............## #....# *,,.,,,,
....######...# ##..## *,,,*,,*
.##.# ##.## #### *,,***,* ###.#*
#<# *,,* *,* # ##.* #.# *,** *,*
#* *.#** #.# *,* ***
.#**..,***#.#* *,*


You could see an orc warrior (blind), a worm (blind) and a rat (blind).

Vanquished Creatures
  A sky beast (D:5)
  A black bear (D:4)
  4 ogres
  A necrophage (D:4)
  A phantom (D:6)
  A water moccasin zombie (D:6)
  A hound (D:4)
  A scorpion zombie (D:5)
  3 orc wizards
  A howler monkey skeleton (D:5)
  9 adders
  A river rat (D:6)
  A white imp (D:5)
  An ufetubus (D:5)
  A worm (D:4)
  2 dart slugs
  19 orcs
  7 bats
  4 endoplasms
  2 giant cockroaches (D:4)
  9 hobgoblins
  2 jackals (D:5)
  8 kobolds
  2 quokkas
  4 ball pythons
  A frilled lizard (D:1)
  5 goblins
  7 rats
100 creatures vanquished.

Vanquished Creatures (others)
  A fulminant prism (D:6)
1 creature vanquished.

Grand Total: 101 creatures vanquished

Notes
Turn   | Place    | Note
-------+----------+-------------------------------------------
     0 | D:1      | heike the Deep Elf Conjurer began the quest for the Orb.
     0 | D:1      | Reached XP level 1. HP: 10/10 MP: 6/6
   233 | D:1      | Reached XP level 2. HP: 15/15 MP: 6/8
   367 | D:1      | Noticed an eye of devastation
   369 | D:1      | Found a faded altar of an unknown god.
   371 | D:1      | Noticed an eye of devastation
   371 | D:1      | Noticed a shining eye
   371 | D:1      | Noticed a floating eye
   464 | D:1      | Prayed at the altar of an unknown god.
   464 | D:1      | Became a worshipper of Vehumet
   464 | D:1      | Reached * piety under Vehumet
   464 | D:1      | Offered knowledge of Shock by Vehumet.
   483 | D:1      | Learned a level 2 spell: Searing Ray
   486 | D:1      | Learned a level 2 spell: Blink
   658 | D:1      | Reached skill level 5 in Conjurations
  1162 | D:2      | Found an opulent altar of Gozag.
  1290 | D:2      | Reached XP level 3. HP: 19/19 MP: 7/9
  2669 | D:3      | Offered knowledge of Freeze by Vehumet.
  2674 | D:3      | Learned a level 3 spell: Dazzling Flash
  2734 | D:3      | Reached ** piety under Vehumet
  2927 | D:3      | Reached XP level 4. HP: 24/24 MP: 8/11
  3157 | D:4      | Noticed an ogre
  3242 | D:4      | Killed an ogre
  3243 | D:4      | Reached skill level 4 in Spellcasting
  3243 | D:4      | Reached XP level 5. HP: 28/28 MP: 5/13
  3442 | D:4      | Noticed a black bear
  3454 | D:4      | Killed a black bear
  3455 | D:4      | Reached skill level 5 in Spellcasting
  3613 | D:4      | Reached XP level 6. HP: 32/32 MP: 9/16
  3989 | D:4      | Reached skill level 6 in Spellcasting
  4562 | D:5      | Entered Level 5 of the Dungeon
  4580 | D:5      | Noticed a sky beast
  4616 | D:5      | Killed a sky beast
  4617 | D:5      | Reached XP level 7. HP: 15/36 MP: 5/18
  4799 | D:5      | Reached skill level 1 in Translocations
  4838 | D:5      | Reached skill level 7 in Spellcasting
  4946 | D:5      | Offered knowledge of Static Discharge by Vehumet.
  5219 | D:5      | Found Akloiwe's Overcharged Wands.
  5259 | D:5      | Identified the +0 helmet "Iwyim" {MP+9 Str+3 Int+5 Stlth+}
  5536 | D:5      | Reached *** piety under Vehumet
  5537 | D:5      | Reached skill level 8 in Spellcasting
  5541 | D:5      | Learned a level 3 spell: Mephitic Cloud
  5546 | D:5      | Learned a level 4 spell: Iskenderun's Mystic Blast
  5551 | D:5      | Learned a level 4 spell: Fulminant Prism
  5985 | D:6      | Noticed bmj180's ghost (novice DrCj)
  5998 | D:6      | Reached XP level 8. HP: 42/42 MP: 17/22
  6130 | D:6      | Slain by an orc warrior

Illustrated notes

Levels and vault maps discovered:
D:1:      eino_arrival_cavern_d, layout_basic,
          hellmonk_ecumenical_altar_watching_god
D:2:      layout_basic, basic_altar
D:3:      layout_basic, chequers_serial_rivers_micro_c
D:4:      minmay_inner_zag, layout_loops_ring, corexii_checkpoint_b
D:5:      layout_loops_ring, hangedman_decor_growths,
          nicolae_shop_overcharged_wands
D:6:      layout_layer_cave, gammafunk_ghost_icy, lightli_sewer_entry_pipes

Skill      XL: |  1  2  3  4  5  6  7 |
---------------+----------------------+-----
Conjurations   | 5 6 7 |  7.6
Stealth        | 3 4 |  4.6
Spellcasting   | 4 5 6 8 |  8.4
Translocations | 2 |  2.3
Dodging        | 3 |  3.1
Fighting       | |  0.6
Short Blades   | |  0.9

Action                   |  1- 3 |  4- 6 |  7- 9 || total
-------------------------+-------+-------+-------++-------
Melee: Unarmed           |     1 |       |       ||     1
       Dagger            |       |     1 |       ||     1
 Cast: Magic Dart        |    75 |    59 |    61 ||   195
       Searing Ray       |       |    10 |    18 ||    28
       Blink             |       |     5 |     3 ||     8
       Iskenderun's Myst |       |       |     5 ||     5
       Fulminant Prism   |       |       |     1 ||     1
       Dazzling Flash    |       |       |     1 ||     1
  Use: Potion            |       |     4 |     1 ||     5
       Scroll            |       |       |     6 ||     6
Armor: Robe              |     1 |     2 |     3 ||     6
Dodge: Dodged            |     4 |     4 |    16 ||    24

Table legend: (Time is in decaauts)
 A = Elapsed time spent in this place.
 B = Non-inter-level travel time spent in this place.
 C = Inter-level travel time spent in this place.
 D = Time resting spent in this place.
 E = Time spent auto-exploring this place.
 F = Levels seen in this place.
 G = Mean time per level.
                   A        B        C        D        E       F      G
               +--------+--------+--------+--------+--------+-----+--------+
         Total |   6128 |   5997 |    131 |    133 |   5086 |   6 | 1021.3 |
       Dungeon |   6128 |   5997 |    131 |    133 |   5086 |   6 | 1021.3 |
               +--------+--------+--------+--------+--------+-----+--------+

Top non-repeatable levels by time:
     D:5: 1407 daAuts
     D:4: 1383 daAuts
     D:1: 1159 daAuts
     D:3: 1081 daAuts
     D:2: 936 daAuts
     D:6: 159 daAuts
